[Event "SWE-ch Class 1 2019"]
[Site "Eskilstuna"]
[Date "2019.07.14"]
[Round "7.10"]
[White "Karlsson, Roger"]
[Black "Johansson, Roland"]
[Result "1/2-1/2"]
[ECO "B26"]
[WhiteElo "1915"]
[BlackElo "2002"]
[Annotator "NA"]
[PlyCount "70"]
[EventDate "2019.07.06"]
[EventType "tourn"]
[EventCountry "SWE"]
[SourceTitle "playchess.com"]
[Source "ChessBase"]
[SourceQuality "1"]
[TimeControl "40/5400+30:1800+30"]

1. e4 c5 2. Nc3 Nc6 3. g3 g6 4. Bg2 Bg7 5. d3 d6 6. Be3 Nf6 7. h3 Bd7 8. Qd2 Rb8 9. Nge2 b5 10. Bh6 O-O 11. h4 e6 12. h5 b4 13. Nd1 Bxh6 14. Qxh6 Ng4 15. Qd2 Nf6 16. f4 Qe7 17. Ne3 e5 18. f5 g5 19. h6 Kh8 20. g4 Qd8 21. Ng3 Ne8 22. Nd5 f6 23. Bf3 Ne7 24. Nh5 Ng8 25. Qh2 Nc7 26. Ng7 Bc8 27. Qh5 Bd7 28. Kf2 Be8 29. Qh2 Bd7 30. Kg3 Rf7 31. Qh5 Rf8 32. Qh2 Nxd5 33. exd5 Nxh6 34. Ne6 Rf7 35. Ng7 Ng8 1/2-1/2